 Dungeon Crawl Stone Soup version 0.21-a0-634-gaf8bc5d (webtiles) character file.

117 Megalobster the Poker (level 5, 0/40 HPs)
             Began as a Merfolk Skald on Dec 29, 2017.
             Slain by a goblin
             ... wielding a +0 club
              (2 damage)
             ... on level 2 of the Dungeon.
             The game lasted 00:03:38 (2014 turns).

Megalobster the Poker (Merfolk Skald)               Turns: 2014, Time: 00:03:38

Health: 0/40       AC:  3    Str: 11    XL:     5   Next: 1%
Magic:  7/8        EV: 18    Int: 12    God:
Gold:   43         SH:  0    Dex: 20    Spells: 4/9 levels left

rFire    . . .     SeeInvis .   a - +0 spear
rCold    . . .     Gourm    .   (no shield)
rNeg     + . .     Faith    .   b - +0 leather armour
rPois    .         Spirit   .   (no helmet)
rElec    .         Reflect  .   (no cloak)
rCorr    .         Harm     .   (no gloves)
MR       .....                  (no boots)
Stlth    +++.......             (no amulet)
HPRegen  0.13/turn              p - ring of positive energy
MPRegen  0.11/turn              (no ring)

@: agile, lethally poisoned (0 -> -8), singing, hasted, very quick
A: change form in water, swift swim, stealthy swim
a: no special abilities


You were on level 2 of the Dungeon.
You were not hungry.

You visited 1 branch of the dungeon, and saw 2 of its levels.

You collected 43 gold pieces.

Inventory:

Hand Weapons
 a - a +0 spear (weapon)
Missiles
 i - 38 stones (quivered)
Armour
 b - a +0 leather armour (worn)
 h - a +0 scale mail
Jewellery
 l - an uncursed ring of fire {unknown}
 m - an uncursed amulet of regeneration {unknown}
 p - a ring of positive energy (left hand)
Scrolls
 g - 2 scrolls of identify {unknown}
 k - 2 scrolls of magic mapping {unknown}
 n - 3 scrolls of immolation {unknown}
 o - 2 scrolls of remove curse {unknown}
 q - a scroll of enchant armour {unknown}
Potions
 j - a potion of agility
Books
 c - a book of Battle

   Spells                             Type                      Level
   a - Infusion                       Charms                       1
   b - Shroud of Golubria             Charms/Translocation         2
   c - Song of Slaying                Charms                       2
   d - Spectral Weapon                Hexes/Charms                 3
   e - Regeneration                   Charms/Necromancy            3
Comestibles
 d - 2 rations
 f - 2 chunks of flesh


   Skills:
 + Level 2.9 Fighting
 * Level 4.6 Polearms
 - Level 0.6 Armour
 + Level 3.4 Dodging
 + Level 2.5 Spellcasting
 * Level 4.2 Charms


You had 4 spell levels left.
You knew the following spells:

 Your Spells              Type           Power        Failure   Level  Hunger
a - Infusion              Chrm           ##..         6%          1    #......
b - Song of Slaying       Chrm           ##......     9%          2    ###....
c - Shroud of Golubria    Chrm/Tloc      #.........   22%         2    ###....


Dungeon Overview and Level Annotations

Branches:
Dungeon (2/15)

Altars:


Message History

* * * LOW HITPOINT WARNING * * *
You feel sick. The adder closely misses you. The goblin barely misses you.
The adder bites you.
* * * LOW HITPOINT WARNING * * *
It was a potion of agility.
You feel agile all of a sudden.
* * * LOW HITPOINT WARNING * * *
You feel sick.
You miss the adder.
The adder is heavily wounded.
The adder barely misses you. The goblin barely misses you.
You barely miss the adder.
The adder is heavily wounded.
* * * LOW HITPOINT WARNING * * *
You feel sick. The adder misses you.
You hit the adder.
The adder is severely wounded.
* * * LOW HITPOINT WARNING * * *
You feel sick. The goblin hits you with a club.
You die...

######### #########
........# #.......#
........# #.......#
.......####.......###
#...'..'..........
#...####........##
#...# ########.#
#@### #.# ....K.gS#
#.# ..?...#.# #.##
.....##.# #..# #...#
#.# ##.# ##.# #.# #..
..) ..# #.. .# ###
##. #.


You could see an adder, a goblin and a kobold.

Vanquished Creatures
  Jessica (D:2)
  Robin (D:2)
  3 adders (D:2)
  2 oozes (D:1)
  A dart slug (D:1)
  3 leopard geckos (D:2)
  A giant cockroach (D:2)
  2 hobgoblins (D:2)
  9 kobolds
  2 ball pythons (D:1)
  3 bats
  A frilled lizard (D:2)
  10 goblins (D:2)
  4 rats
43 creatures vanquished.

Notes
Turn   | Place    | Note
-------+----------+-------------------------------------------
     0 | D:1      | Megalobster the Merfolk Skald began the quest for the Orb.
     0 | D:1      | Reached XP level 1. HP: 16/16 MP: 3/3
   276 | D:1      | Reached XP level 2. HP: 21/23 MP: 5/5
  1070 | D:2      | Learned a level 2 spell: Song of Slaying
  1073 | D:2      | Learned a level 2 spell: Shroud of Golubria
  1095 | D:2      | Noticed Jessica
  1100 | D:2      | Killed Jessica
  1100 | D:2      | Reached XP level 3. HP: 26/28 MP: 2/6
  1323 | D:2      | Reached XP level 4. HP: 34/34 MP: 7/7
  1370 | D:2      | Noticed Robin
  1419 | D:2      | Killed Robin
  1996 | D:2      | Reached XP level 5. HP: 29/40 MP: 8/8
  2014 | D:2      | HP: 2/40 [poisoned by an adder]
  2014 | D:2      | Slain by a goblin

Vault maps used:
D:1:      onia_arrival_handbag, corexii_leaking_fountain
D:2:      minmay_nonomino_d4, uniq_jessica, uniq_robin, uniq_sigmund

Skill      XL: |  1  2  3  4 |
---------------+-------------+-----
Polearms       | 4 |  4.6
Dodging        | 3 |  3.4
Charms         | 4 |  4.2
Fighting       | |  2.9
Armour         | |  0.6
Spellcasting   | |  2.5

Action                   |  1- 3 |  4- 6 || total
-------------------------+-------+-------++-------
Melee: Spear             |    54 |   125 ||   179
 Cast: Infusion          |     2 |     1 ||     3
       Song of Slaying   |       |     2 ||     2
  Use: Potion            |       |     2 ||     2
 Stab: Sleeping          |     3 |     1 ||     4
  Eat: Chunk             |     1 |     3 ||     4
Armor: Leather armour    |     8 |    16 ||    24
Dodge: Dodged            |    22 |    67 ||    89

Table legend:
 A = Spawn XP
 B = Non-spawn XP
 C = Spawn XP percentage of total XP
 D = Spawn monster count
 E = Non-spawn monster count
 F = Spawn count percentage of total count
 G = Total turns spent on level
                    A         B        C        D         E        F      G
               +---------+---------+-------+---------+---------+-------+---------
         Total |       0 |     168 |   0.0 |       0 |      43 |   0.0 |  2014
               +---------+---------+-------+---------+---------+-------+---------
           D:1 |       0 |      30 |   0.0 |       0 |      12 |   0.0 |  1066
           D:2 |       0 |     138 |   0.0 |       0 |      31 |   0.0 |   948
               +---------+---------+-------+---------+---------+-------+---------
